 Dungeon Crawl Stone Soup version 0.29-a0-909-g30c7767f5c (webtiles) character file.

Game seed: 8428444772799331592

183 Destapler the Stinger (level 5, -5/39 HPs)
             Began as a Merfolk Venom Mage on July 25, 2022.
             Was a Believer of Dithmenos.
             Slain by Duvessa
             ... wielding a +0 rapier
              (6 damage)
             ... on level 4 of the Dungeon.
             The game lasted 00:15:51 (3259 turns).

Destapler the Stinger (Merfolk Venom Mage)          Turns: 3259, Time: 00:15:52

Health: -5/39      AC:  5    Str:  8    XL:     5   Next: 62%
Magic:  5/8        EV: 13    Int: 17    God:    Dithmenos [**....]
Gold:   124        SH:  0    Dex: 14    Spells: 8/9 levels left

rFire   . . .      SeeInvis .   p - +0 spear
rCold   + . .      Faith    .   (no shield)
rNeg    . . .      Spirit   .   a - +0 robe
rPois   .          Reflect  .   (no helmet)
rElec   .          Harm     .   (no cloak)
rCorr   .          Rampage  .   (no gloves)
Will    .....                   g - +2 pair of boots
Stlth   +++.......              r - amulet of the acrobat
HPRegen 0.13/turn               t - ring of protection from cold
MPRegen 0.11/turn               (no ring)

@: wreathed by umbra
A: (nimble swimmer 2), mertail
a: Renounce Religion, Shadow Step


You were on level 4 of the Dungeon.
You worshipped Dithmenos.
Dithmenos was pleased with you.
You visited 1 branch of the dungeon, and saw 4 of its levels.

You collected 124 gold pieces.

Inventory:

Hand Weapons
 d - a +0 dagger
 p - a +0 spear (weapon)
Missiles
 q - 4 poisoned darts
Armour
 a - a +0 robe (worn)
 g - a +2 pair of boots (worn)
 m - a +0 leather armour
Jewellery
 r - an amulet of the acrobat (around neck)
 t - a ring of protection from cold (left hand)
Scrolls
 c - a scroll of noise {unknown}
 i - 2 scrolls of identify {unknown}
 k - a scroll of vulnerability {unknown}
 n - 2 scrolls of enchant weapon {unknown}
 o - 2 scrolls of teleportation {unknown}
Potions
 b - a potion of magic
 e - a potion of might {unknown}
 f - a potion of flight {unknown}
 h - a potion of curing
 j - a potion of cancellation {unknown}
 l - a potion of berserk rage {unknown}
 s - 2 potions of lignification {unknown}


   Skills:
 * Level 2.7 Fighting
 + Level 1.3 Polearms
 - Level 1.0 Armour
 - Level 3.0 Dodging
 - Level 3.0 Stealth
 + Level 2.5 Spellcasting
 - Level 3.0 Transmutations
 - Level 3.2 Poison Magic
 + Level 2.0 Invocations


You had 8 spell levels left.
You knew the following spells:

 Your Spells              Type           Power      Damage    Failure   Level
a - Sting                 Tmut/Pois      48%        1d5       4%          1

Your spell library contained the following spells:

 Spells                   Type           Power      Damage    Failure   Level
 Poisonous Vapours        Pois/Air       14%        N/A       14%         2
 Mephitic Cloud           Conj/Pois/Air  5%         N/A       34%         3
 Olgreb's Toxic Radiance  Pois           13%        N/A       43%         4
 Summon Forest            Summ/Tloc      1%         N/A       99%         5
 Summon Mana Viper        Hex/Summ       2%         N/A       99%         5
 Summon Cactus Giant      Summ           1%         N/A       100%        6


Dungeon Overview and Level Annotations

Branches:
Dungeon (4/15)
 Temple: D:4-7

Altars:
Dithmenos

Annotations:
D:4 Dowan, Duvessa, Sigmund


Innate Abilities, Weirdness & Mutations

((You are very nimble when in or above water. (Stealth+, EV+, Speed+++)))
Your lower body shifts to a powerful aquatic tail in water.


Message History

Duvessa attacks as you move away! Duvessa closely misses you.
Duvessa attacks as you move away! Duvessa misses you.
The adder attacks as you move away! The adder completely misses you.
Dowan casts a spell.
Dowan blinks!
Duvessa attacks as you move away! Duvessa closely misses you.
The adder attacks as you move away! The adder completely misses you.
Dowan gestures at you while chanting. You resist with some effort.
The adder completely misses you. Duvessa attacks as you move away!
Duvessa hits you with a +0 rapier! Dowan completely misses you.
Dowan attacks as you move away! Dowan misses you.
The adder attacks as you move away! The adder misses you.
The adder attacks as you move away! The adder completely misses you. x2
The adder attacks as you move away! The adder completely misses you.
The adder attacks as you move away! The adder bites you.
* * * LOW HITPOINT WARNING * * *
You are poisoned.
The adder poisons you! Dowan attacks as you move away!
Dowan completely misses you. Duvessa attacks as you move away!
Duvessa barely misses you.
You feel sick.
Dowan casts a spell.
Dowan blinks!
You feel sick. Duvessa hits you with a +0 rapier.
* * * LOW HITPOINT WARNING * * *
The adder completely misses you.
You feel sick. Duvessa says, "Did you see that move?
Perfect!"
You feel sick.
Dowan looks more healthy.
You feel sick. Dowan attacks as you move away! Dowan hits you with a +0 dagger.
* * * LOW HITPOINT WARNING * * *
x2 You feel sick.
* * * LOW HITPOINT WARNING * * *
You feel sick.
You are no longer poisoned.
Dowan barely misses you.
There is a stone staircase leading up here.
Dowan misses you. Duvessa hits you with a +0 rapier.
You die...

.# .# ####### ..#
#.e#..###..###
#@eS..........
#..s..........
#...g.........
#..##..##.#### ###
#..##..##.##.###.#
#........g........
#.................
#.................
##+####....########


You could see Duvessa, Dowan, a scorpion, a gnoll and an adder.

Vanquished Creatures
  A bullfrog (D:3)
  Terence (D:2)
  4 adders
  2 worms (D:3)
  2 dart slugs
  An orc (D:3)
  2 bats (D:1)
  5 endoplasms
  2 giant cockroaches
  3 goblins
  5 hobgoblins
  2 kobolds
  2 quokkas
  8 ball pythons
  6 frilled lizards
  4 rats
50 creatures vanquished.

Notes
Turn   | Place    | Note
-------+----------+-------------------------------------------
     0 | D:1      | Destapler the Merfolk Venom Mage began the quest for the
                  | Orb.
     0 | D:1      | Reached XP level 1. HP: 13/13 MP: 3/3
    36 | D:1      | Prayed at the altar of an unknown god.
    36 | D:1      | Became a worshipper of Dithmenos the Shadowed
    36 | D:1      | Reached * piety under Dithmenos
   277 | D:1      | Reached XP level 2. HP: 20/20 MP: 3/5
   332 | D:1      | Reached skill level 1 in Fighting
  1251 | D:1      | Reached XP level 3. HP: 22/26 MP: 1/6
  1436 | D:2      | Reached skill level 1 in Invocations
  1482 | D:2      | Reached ** piety under Dithmenos
  1768 | D:2      | Noticed Terence
  1787 | D:2      | Killed Terence
  1788 | D:2      | Reached XP level 4. HP: 27/33 MP: 1/7
  2396 | D:3      | Reached skill level 1 in Armour
  2482 | D:3      | Noticed a bullfrog
  2488 | D:3      | Killed a bullfrog
  2489 | D:3      | Reached skill level 1 in Polearms
  2489 | D:3      | Reached XP level 5. HP: 28/39 MP: 3/8
  2964 | D:4      | Noticed Sigmund
  3234 | D:4      | Noticed Duvessa
  3235 | D:4      | Noticed Dowan
  3241 | D:4      | Noticed a phantom
  3257 | D:4      | HP: 1/39 [poisoned by an adder]
  3259 | D:4      | Slain by Duvessa

Illustrated notes

Levels and vault maps discovered:
D:1:      spicycebolla_arrival_ecumenical, layout_basic, hex_intersection
D:2:      layout_rooms, st_stairs_13, uniq_terence
D:3:      layout_loops_ring
D:4:      minmay_skewed_foursquare, layout_gridville,
          mainiacjoe_overflow_surrounded_room,
          nicolae_wu_jian_immortal_techniques, uniq_eustachio, uniq_sigmund,
          uniq_duvessa

Skill      XL: |  1  2  3  4  5 |
---------------+----------------+-----
Fighting       | 1 2 |  2.7
Dodging        | 3 |  3.0
Transmutations | 2 3 |  3.0
Invocations    | 1 2 |  2.0
Armour         | 1 |  1.0
Polearms       | 1 |  1.3
Stealth        | 3 |  3.0
Spellcasting   | |  2.5
Poison Magic   | |  3.2

Action                   |  1- 3 |  4- 6 || total
-------------------------+-------+-------++-------
Melee: Dagger            |    19 |       ||    19
       Spear             |       |    32 ||    32
 Cast: Sting             |    58 |    45 ||   103
  Use: Potion            |     1 |       ||     1
 Stab: Sleeping          |     2 |     6 ||     8
Armor: Robe              |    11 |    12 ||    23
Dodge: Dodged            |    39 |    78 ||   117

Table legend: (Time is in decaauts)
 A = Elapsed time spent in this place.
 B = Non-inter-level travel time spent in this place.
 C = Inter-level travel time spent in this place.
 D = Time resting spent in this place.
 E = Time spent auto-exploring this place.
 F = Levels seen in this place.
 G = Mean time per level.
                   A        B        C        D        E       F      G
               +--------+--------+--------+--------+--------+-----+--------+
         Total |   3262 |   3068 |    194 |    259 |   2315 |   4 |  815.5 |
       Dungeon |   3262 |   3068 |    194 |    259 |   2315 |   4 |  815.5 |
               +--------+--------+--------+--------+--------+-----+--------+

Top non-repeatable levels by time:
     D:1: 1397 daAuts
     D:3: 1024 daAuts
     D:2: 661 daAuts
     D:4: 179 daAuts
